 Dungeon Crawl Stone Soup version 0.28.0-45-g0d030f2227 (webtiles) character file.

Game seed: 17447119835020905039

658 Bruhh the Magician (level 7, -6/50 HPs)
             Began as a Djinni Cinder Acolyte on Apr 24, 2022.
             Was a High Priest of Ignis.
             Mangled by an orc warrior
             ... wielding a +0 glaive
              (26 damage)
             ... on level 4 of the Dungeon.
             The game lasted 00:06:28 (5999 turns).

Bruhh the Magician (Djinni Cinder Acolyte)          Turns: 5999, Time: 00:06:29

Health: -6/50      AC:  6    Str: 13    XL:     7   Next: 85%
Gold:   224        EV: 11    Int: 17    God:    Ignis [*****.] SH:  0 Dex:  9

rFire   + + +      SeeInvis .   p - +4 flail
rCold   x . .      Faith    .   (no shield)
rNeg    . . .      Spirit   .   b - +0 robe
rPois   ∞          Reflect  .   (no helmet)
rElec   .          Harm     .   (no cloak)
rCorr   .          Rampage  .   (no gloves)
Will    .....                   (boots unavailable)
Stlth   +.........              (no amulet)
HPRegen 0.16/turn               n - +4 ring of protection
MPRegen 0.00/turn               (no ring)

@: flying
A: sickness immunity, fire resistance 2, cold vulnerability 1, float, innate
caster, HP casting, extra vitality 1
a: Renounce Religion, Fiery Armour, Foxfire Swarm, Rising Flame


You were on level 4 of the Dungeon.
You worshipped Ignis.
Ignis was extremely pleased with you.
You visited 1 branch of the dungeon, and saw 5 of its levels.

You collected 224 gold pieces.

Inventory:

Hand Weapons
 a - a -1 falchion of flaming
 p - a +4 flail (weapon)
Armour
 b - a +0 robe (worn)
Jewellery
 n - a +4 ring of protection (left hand)
 s - a ring of positive energy
 v - an amulet of faith
Wands
 r - a wand of paralysis (6)
Scrolls
 d - a scroll of fear {unknown}
 e - 3 scrolls of teleportation {unknown}
 f - 6 scrolls of identify {unknown}
 h - a scroll of amnesia {unknown}
 i - 4 scrolls of fog {unknown}
 j - a scroll of noise {unknown}
 k - 2 scrolls of enchant armour {unknown}
 m - a scroll of enchant weapon {unknown}
 q - a scroll of acquirement {unknown}
 w - 2 scrolls of brand weapon {unknown}
Potions
 c - a potion of brilliance {unknown}
 g - a potion of haste {unknown}
 l - a potion of magic {unknown}
 o - a potion of flight {unknown}
 t - 2 potions of lignification {unknown}
 u - a potion of heal wounds {unknown}
 x - a potion of mutation {unknown}


   Skills:
 - Level 3.0 Fighting
 - Level 2.6 Long Blades
 + Level 6.6 Spellcasting


You had 11 spell levels left.
You knew the following spells:

 Your Spells              Type           Power      Damage    Failure   Level
a - Scorch                Fire           56%        2d8       1%          2
b - Summon Small Mammal   Summ           100%       N/A       1%          1
c - Static Discharge      Conj/Air       28%        N/A       1%          2
d - Ignite Poison         Fire/Tmut/Pois 28%        N/A       2%          3
Your spell library was empty.

Dungeon Overview and Level Annotations

Branches:
Dungeon (5/15)
 Temple: D:4-7

Altars:

Annotations:
D:4 Ijyb


Innate Abilities, Weirdness & Mutations

You are immune to sickness and miasma.
You are immune to poison.
Your flesh is very heat resistant. (rF++)
You are vulnerable to cold. (rC-)
You float through the air rather than walking.
You learn spells naturally, not from books.
Your magical power is your life essence.
You have superior vitality. (+4 MHP)


Message History

Casting: Summon Small Mammal (safe; 1% risk of failure)
Confirm with . or Enter, or press ? or * to list all spells.
An orc comes into view. It is wielding a +0 club.
Your rat bites the orc warrior but does no damage.
The orc warrior barely misses your rat.
Your rat bites the orc warrior.
The orc warrior hits your rat with a +0 glaive!!
Your rat dies!
Your rat's corpse disappears in a puff of smoke!
Flames lash the orc warrior.
The orc warrior is lightly wounded.
The orc warrior's fire resistance burns away.
Flames lash the orc warrior but do no damage.
Flames lash the orc warrior.
The orc warrior is burned terribly!
The orc warrior is moderately wounded.
The orc warrior hits you from afar with a +0 glaive!
Your quokka misses the orc warrior.
Flames lash the orc.
You kill the orc!
The orc warrior closely misses you.
Your quokka barely misses the orc warrior.
You are too injured to fight recklessly!
You are too injured to fight recklessly!
You are too injured to fight recklessly!
Casting: Scorch (safe; 1% risk of failure)
Confirm with . or Enter, or press ? or * to list all spells.
Flames lash the orc warrior.
The orc warrior is burned terribly!
The orc warrior is severely wounded.
Your quokka bites the orc warrior but does no damage.
The orc warrior hits your quokka with a +0 glaive!
Your quokka dies!
Your quokka's corpse disappears in a puff of smoke!
The orc warrior shouts!
Casting: Scorch (safe; 1% risk of failure)
Confirm with . or Enter, or press ? or * to list all spells.
Flames lash the orc warrior.
The orc warrior is burned terribly!
The orc warrior is almost dead.
The orc warrior hits you from afar with a +0 glaive!!
Ouch! That really hurt!
You die...

(...# #.#### ###.###
##..##.#
###.###....########.# .[# #
#>##...........##.. ...
#.##.###.#####.### .###
#.##.# #.# #.# #.##)# #.#
##.## # #.##.# #.####...##
.#
###.##.###...)o....##.#####
...........####.@..........
.<#).......# ##...<..####
#.o....##### ########
########


You could see an orc warrior (combustible).

Vanquished Creatures
  Menkaure (D:4)
  A black bear (D:5)
  An ogre (D:5)
  A centaur zombie (D:5)
  A howler monkey (D:5)
  2 hounds (D:5)
  An orc priest (D:4)
  An iguana (D:5)
  2 hound skeletons
  3 gnolls (D:3)
  4 adders
  An ufetubus (D:4)
  3 worms
  An adder skeleton (D:4)
  4 dart slugs
  3 orcs
  7 endoplasms
  2 giant cockroaches (D:2)
  7 goblins
  4 hobgoblins
  5 jackals
  6 kobolds
  A quokka (D:1)
  7 ball pythons
  2 bats
  2 frilled lizards
  4 rats
77 creatures vanquished.

Vanquished Creatures (others)
  6 foxfires (D:4)
6 creatures vanquished.

Grand Total: 83 creatures vanquished

Notes
Turn   | Place    | Note
-------+----------+-------------------------------------------
     0 | D:1      | Bruhh the Djinni Cinder Acolyte began the quest for the
                  | Orb.
     0 | D:1      | Reached XP level 1. HP: 20/20 MP: 0/0
   499 | D:1      | Reached XP level 2. HP: 20/25 MP: 0/0
   796 | D:1      | Reached skill level 3 in Spellcasting
   833 | D:1      | Reached XP level 3. HP: 2/30 MP: 0/0
   833 | D:1      | Learned a level 1 spell: Summon Small Mammal
  1723 | D:2      | Found Fehox's Magic Scroll Boutique.
  2262 | D:2      | Reached XP level 4. HP: 33/35 MP: 0/0
  2670 | D:3      | Reached skill level 4 in Spellcasting
  2672 | D:3      | Reached XP level 5. HP: 14/40 MP: 0/0
  2672 | D:3      | Learned a level 2 spell: Static Discharge
  2895 | D:3      | Noticed Grinder
  3545 | D:4      | Noticed Menkaure
  3561 | D:5      | Entered Level 5 of the Dungeon
  3665 | D:5      | Reached XP level 6. HP: 28/46 MP: 0/0
  3825 | D:4      | Killed Menkaure
  3826 | D:4      | Reached skill level 5 in Spellcasting
  4090 | D:4      | Noticed Ijyb
  4091 | D:4      | Noticed an orc warrior
  4392 | D:5      | Noticed a black bear
  4399 | D:5      | Killed a black bear
  4400 | D:5      | Reached XP level 7. HP: 40/50 MP: 0/0
  4400 | D:5      | Learned a level 3 spell: Ignite Poison
  4474 | D:5      | Reached skill level 6 in Spellcasting
  5999 | D:4      | Mangled by an orc warrior

Illustrated notes

Levels and vault maps discovered:
D:1:      lightli_arrival_noodles, layout_rooms, columned_hall_lemuel
D:2:      layout_loops_ring, serial_shops, nicolae_shop_statue_plus
D:3:      layout_loops_ring, minmay_misc_feat_rows, serial_park_tiny_pond,
          nicolae_wormholes, uniq_grinder
D:4:      layout_loops_ring, uniq_ijyb, uniq_menkaure
D:5:      layout_cave_pools, minmay_temple_entry_fiery, grunt_decor_arrowhead

Skill      XL: |  1  2  3  4  5  6  7 |
---------------+----------------------+-----
Spellcasting   | 3 4 5 6 |  6.6
Fighting       | |  3.0
Long Blades    | |  2.6

Action                   |  1- 3 |  4- 6 |  7- 9 || total
-------------------------+-------+-------+-------++-------
Melee: Falchion          |    13 |       |       ||    13
       Flail             |       |     8 |       ||     8
       Punch             |       |     1 |       ||     1
 Cast: Scorch            |    38 |    46 |    37 ||   121
       Summon Small Mamm |       |     2 |     2 ||     4
Invok: Foxfire Swarm     |       |     1 |       ||     1
Armor: Robe              |     5 |    10 |     7 ||    22
Dodge: Dodged            |    19 |    23 |     9 ||    51
